 Dungeon Crawl Stone Soup version 0.30-a0-591-g3c58d2bc28 (webtiles) character file.

Game seed: 15157263013078697223

19 Crownlay the Charlatan (level 2, 0/23 HPs)
             Began as a Gnoll Wanderer on Jan 5, 2023.
             Slain by an orc
             ... wielding a +0 trident
              (4 damage)
             ... on level 2 of the Dungeon.
             The game lasted 00:01:02 (947 turns).

Crownlay the Charlatan (Gnoll Wanderer)              Turns: 947, Time: 00:01:03

Health: 0/23       AC:  5    Str: 10    XL:     2   Next: 75%
Magic:  7/7        EV: 11    Int: 11    God:
Gold:   19         SH:  5    Dex: 12    Spells: 10/10 levels left

rFire   . . .      SeeInvis .    f - +0 mace
rCold   . . .      Faith    .    e - +0 buckler {AC+3}
rNeg    . . .      Spirit   .    d - +0 robe
rPois   .          Reflect  .    (no helmet)
rElec   .          Harm     .    (no cloak)
rCorr   .          Rampage  .    (no gloves)
Will    .....                    (no boots)
Stlth   +                        (no amulet)
HPRegen 0.23/turn                (no ring)
MPRegen 0.10/turn                (no ring)

@: no status effects
A: fangs 1, strong nose, distributed training
a: no special abilities


You were on level 2 of the Dungeon.
You visited 1 branch of the dungeon, and saw 2 of its levels.

You collected 19 gold pieces.

Inventory:

Hand Weapons
 f - a +0 mace (weapon)
Armour
 d - a +0 robe (worn)
 e - a +0 buckler of protection (worn)
Wands
 b - a wand of flame (6) (quivered)
Scrolls
 a - 2 scrolls of identify {unknown}
 c - a scroll of fear
 g - 2 scrolls of fog {unknown}
 h - a scroll of blinking {unknown}
 j - a scroll of torment {unknown}


   Skills:
 + Level 2.5 Fighting
 + Level 0.5 Short Blades
 + Level 0.5 Long Blades
 + Level 0.5 Axes
 + Level 0.5 Maces & Flails
 + Level 0.5 Polearms
 + Level 0.5 Staves
 + Level 0.5 Ranged Weapons
 + Level 0.5 Throwing
 + Level 0.5 Armour
 + Level 0.5 Dodging
 + Level 0.5 Stealth
 + Level 6.5 Shields
 + Level 0.5 Unarmed Combat
 + Level 4.9 Spellcasting
 + Level 0.4 Conjurations
 + Level 0.4 Hexes
 + Level 0.4 Summonings
 + Level 0.4 Necromancy
 + Level 0.4 Translocations
 + Level 0.4 Transmutations
 + Level 0.4 Fire Magic
 + Level 0.4 Ice Magic
 + Level 2.0 Air Magic
 + Level 0.4 Earth Magic
 + Level 0.4 Poison Magic
 + Level 0.7 Invocations
 + Level 6.5 Evocations


You had 10 spell levels left.
You didn't know any spells.
Your spell library contained the following spells:

 Spells                   Type           Power      Damage    Failure   Level
 Poisonous Vapours        Pois/Air       10%        N/A       26%         2
 Cigotuvi's Dreadful Rot  Necr/Pois/Air  8%         N/A       28%         2
 Sublimation of Blood     Necr           3%         N/A       34%         2
 Petrify                  Tmut/Erth      3%         N/A       93%         4
 Irradiate                Conj/Tmut      1%         3d12      100%        5


Dungeon Overview and Level Annotations

Branches:
Dungeon (2/15)

Altars:


Innate Abilities, Weirdness & Mutations

You have very sharp teeth.
Your uncanny sense of smell can sniff out nearby items.
Your experience applies equally to all skills.


Message History

You are too injured to fight recklessly!
You are too injured to fight recklessly!
You don't know any spells.
Sorry, you're not good enough to have a special ability.
The orc attacks as you move away! The orc hits you with a +0 trident.
* * * LOW HITPOINT WARNING * * *
You block the orc's attack.
You hit the orc wizard.
The orc wizard is almost dead.
An orc comes into view. It is wielding a +0 trident.
The orc wizard gestures at you while chanting.
You block the puff of flame.
The orc hits you from afar with a +0 trident.
* * * LOW HITPOINT WARNING * * *
The orc shouts!
You closely miss the orc wizard. Your bite misses the orc wizard.
The orc wizard is almost dead.
The orc wizard hits you with a +0 dagger.
* * * LOW HITPOINT WARNING * * *
You block the orc's attack.
It was a potion of heal wounds.
You feel much better.
The orc wizard hits you but does no damage.
The orc hits you but does no damage.
You hit the orc wizard but do no damage.
The orc wizard is almost dead.
You block the orc's attack.
The orc wizard hits you with a +0 dagger.
The orc hits you but does no damage.
The orc wizard mumbles some strange words.
The orc wizard flickers and vanishes!
Deactivating autopickup; reactivate with Ctrl-A.
The orc hits you from afar with a +0 trident. x2
You miss something. The orc completely misses you. Something hits you.
You block the orc's attack.
You completely miss something.
The orc hits you from afar with a +0 trident.
Something hits you.
* * * LOW HITPOINT WARNING * * *
The orc hits you from afar with a +0 trident.
You die...

..# .##. ...
##### ## ...g. ..
######## .#
.)....(. ∆ .#
########
########o##
......#
#.....@{o.#
#####.#
#.#######.# #.#
#...†...# #
###.###########.#
#...............#
#################


You could see 2 orcs.

Vanquished Creatures
  3 hobgoblins
  5 kobolds (D:1)
  2 ball pythons
  4 bats (D:1)
  2 frilled lizards (D:1)
  2 goblins (D:2)
  3 rats
21 creatures vanquished.

Vanquished Creatures (others)
  5 plants (D:1)
5 creatures vanquished.

Grand Total: 26 creatures vanquished

Notes
Turn   | Place    | Note
-------+----------+-------------------------------------------
     0 | D:1      | Crownlay the Gnoll Wanderer began the quest for the Orb.
     0 | D:1      | Crownlay set off with the following items: a +0 dagger, a
                  | wand of flame (7), a scroll of fear, a +0 robe, a +0
                  | buckler of protection; and the following spells available
                  | to memorise: Poisonous Vapours, Cigotuvi's Dreadful Rot.
     0 | D:1      | Reached XP level 1. HP: 17/17 MP: 6/6
   439 | D:1      | Reached XP level 2. HP: 19/23 MP: 7/7
   943 | D:2      | HP: 1/23 [orc wizard/+0 dagger (1)]
   947 | D:2      | Slain by an orc

Illustrated notes

Levels and vault maps discovered:
D:1:      dpeg_arrival_three_smaller_balls, layout_basic,
          lexackson_kobold_supper
D:2:      layout_basic, serial_park_tiny_pond, minivault_14, uniq_robin

Skill      XL: |  1 |
---------------+----+-----
Air Magic      | 2 |  2.0
Fighting       | |  2.5
Short Blades   | |  0.5
Long Blades    | |  0.5
Axes           | |  0.5
Maces & Flails | |  0.5
Polearms       | |  0.5
Staves         | |  0.5
Ranged Weapons | |  0.5
Throwing       | |  0.5
Armour         | |  0.5
Dodging        | |  0.5
Stealth        | |  0.5
Shields        | |  6.5
Unarmed Combat | |  0.5
Spellcasting   | |  4.9
Conjurations   | |  0.4
Hexes          | |  0.4
Summonings     | |  0.4
Necromancy     | |  0.4
Translocations | |  0.4
Transmutations | |  0.4
Fire Magic     | |  0.4
Ice Magic      | |  0.4
Earth Magic    | |  0.4
Poison Magic   | |  0.4
Invocations    | |  0.7
Evocations     | |  6.5

Action                   || total
-------------------------++-------
Melee: Mace              ||    68
       Bite              ||     5
Evoke: Wand              ||     1
  Use: Potion            ||     1
 Stab: Sleeping          ||     1
Armor: Robe              ||    34
Dodge: Dodged            ||    55
Block: Buckler           ||    27

Table legend: (Time is in decaauts)
 A = Elapsed time spent in this place.
 B = Non-inter-level travel time spent in this place.
 C = Inter-level travel time spent in this place.
 D = Time resting spent in this place.
 E = Time spent auto-exploring this place.
 F = Levels seen in this place.
 G = Mean time per level.
                   A        B        C        D        E       F      G
               +--------+--------+--------+--------+--------+-----+--------+
         Total |    974 |    947 |     27 |      0 |    768 |   2 |  487.0 |
       Dungeon |    974 |    947 |     27 |      0 |    768 |   2 |  487.0 |
               +--------+--------+--------+--------+--------+-----+--------+

Top non-repeatable levels by time:
     D:1: 897 daAuts
     D:2: 77 daAuts
